 Dungeon Crawl Stone Soup version 0.23.1 (webtiles) character file.

Game seed: 16927457816303003474

44 OdinFK the Magician (level 3, -1/19 HPs)
             Began as a Deep Elf Fire Elementalist on Mar 2, 2019.
             Slain by a bullfrog zombie (5 damage)
             ... on level 2 of the Dungeon.
             The game lasted 00:04:17 (1173 turns).

OdinFK the Magician (Deep Elf Fire Elementalist)    Turns: 1173, Time: 00:04:17

Health: -1/19      AC:  2    Str:  5    XL:     3   Next: 41%
Magic:  0/10       EV: 13    Int: 20    God:
Gold:   81         SH:  0    Dex: 15    Spells: 3/9 levels left

rFire    . . .     SeeInvis .   e - +0 dagger
rCold    . . .     Gourm    .   (no shield)
rNeg     . . .     Faith    .   a - +0 robe
rPois    .         Spirit   .   (no helmet)
rElec    .         Reflect  .   (no cloak)
rCorr    .         Harm     .   (no gloves)
MR       .....                  (no boots)
Stlth    +++.......             (no amulet)
HPRegen  0.06/turn              l - ring of stealth
MPRegen  0.12/turn              (no ring)

@: very slightly contaminated
A: no striking features
a: no special abilities


You were on level 2 of the Dungeon.
You were not hungry.

You visited 1 branch of the dungeon, and saw 2 of its levels.

You collected 81 gold pieces.

Inventory:

Hand Weapons
 e - a +0 dagger (weapon)
Armour
 a - a +0 robe (worn)
Jewellery
 l - a ring of stealth (left hand)
Scrolls
 b - 2 scrolls of remove curse {unknown}
 d - 2 scrolls of random uselessness {unknown}
 f - a scroll of fog {unknown}
 m - a scroll of enchant weapon {unknown}
Potions
 g - 5 potions of heal wounds {unknown}
 h - 2 potions of ambrosia {unknown}
 i - a potion of mutation {unknown}
 k - 2 potions of agility {unknown}
 n - 2 potions of curing {unknown}
Comestibles
 c - 4 rations
 j - 2 chunks of flesh


   Skills:
 + Level 2.5 Dodging
 + Level 2.9 Stealth
 + Level 3.8 Spellcasting
 * Level 2.1 Conjurations
 + Level 3.7 Fire Magic


You had 3 spell levels left.
You knew the following spells:

 Your Spells              Type           Power        Failure   Level  Hunger
a - Flame Tongue          Conj/Fire      ###..        3%          1    None
b - Throw Flame           Conj/Fire      ###...       6%          2    ##.....
c - Conjure Flame         Conj/Fire      ###.....     12%         3    ###....

Your spell library contained the following spells:

 Spells                   Type           Power        Failure   Level  Hunger
 Inner Flame              Hex/Fire       ##......     19%         3    ###....
 Sticky Flame             Conj/Fire      ###.....     36%         4    ####...
 Fireball                 Conj/Fire      ###.......   71%         5    ######.


Dungeon Overview and Level Annotations

Branches:
Dungeon (2/15)

Altars:
Hepliaklqana


Message History

* * * LOW HITPOINT WARNING * * *
The bullfrog zombie closely misses you.
Casting: Flame Tongue (safe; 3% risk of failure)
Confirm with . or Enter, or press ? or * to list all spells.
Aiming: Flame Tongue (safe; 3% risk of failure)
Press: ? - help, Shift-Dir - straight line, f/p - bullfrog zombie
Aim: a bullfrog zombie (severely damaged)
You miscast Flame Tongue.
Nothing appears to happen.
The bullfrog zombie barely misses you.
Casting: Flame Tongue (safe; 3% risk of failure)
Confirm with . or Enter, or press ? or * to list all spells.
Aiming: Flame Tongue (safe; 3% risk of failure)
Press: ? - help, Shift-Dir - straight line, f/p - bullfrog zombie
Aim: a bullfrog zombie (severely damaged)
The flame tongue hits the bullfrog zombie!
The bullfrog zombie is almost destroyed.
The bullfrog zombie hits you.
* * * LOW HITPOINT WARNING * * *
The bullfrog zombie hits you.
You die...

...........#.#############
...........#.# ..#..
....######.#.# #.#.# ....#
#.#.# #.#.# ###.# #.#.#
#.#.# #.# #.#.# #.#.# #.#
#.#.# #.#.# #.#
#.#.#.#Z#.#.####
#.######.#.#.#@........
#.#.÷.)..#.#...#.#.##..
#.#.####...###.#.#
###.#.####.......#.#
....#.##.†.........#
.......................
....).....#.#....######
....#.##..#.........#
.##.# ....#.##..#......#.#
..#.#


You could see a bullfrog zombie.

Vanquished Creatures
  An adder (D:2)
  2 worms
  2 dart slugs
  A ball python (D:1)
  A giant cockroach (D:1)
  A hobgoblin (D:1)
  4 bats
  2 frilled lizards
  4 goblins
  6 kobolds
  3 rats (D:1)
27 creatures vanquished.

Notes
Turn   | Place    | Note
-------+----------+-------------------------------------------
     0 | D:1      | OdinFK the Deep Elf Fire Elementalist began the quest for
                  | the Orb.
     0 | D:1      | Reached XP level 1. HP: 10/10 MP: 6/6
   170 | D:1      | Reached XP level 2. HP: 15/15 MP: 2/8
   760 | D:2      | Learned a level 2 spell: Throw Flame
   909 | D:2      | Reached XP level 3. HP: 13/19 MP: 0/10
   935 | D:2      | Found a hazy altar of Hepliaklqana.
  1020 | D:2      | Learned a level 3 spell: Conjure Flame
  1173 | D:2      | Slain by a bullfrog zombie

Skill      XL: |  1  2  3 |
---------------+----------+-----
Conjurations   | 2 |  2.1
Dodging        | |  2.5
Stealth        | |  2.9
Spellcasting   | |  3.8
Fire Magic     | |  3.7

Action                   || total
-------------------------++-------
Melee: Dagger            ||     8
 Cast: Flame Tongue      ||    38
       Throw Flame       ||     9
 Stab: Sleeping          ||     6
  Eat: Chunk             ||     1
Armor: Robe              ||     1
Dodge: Dodged            ||    14
